 Dungeon Crawl Stone Soup version 0.24.1-8-ga250c9d538 (webtiles) character file.

Game seed: 6332572937959625246, levelgen mode: deterministic

439 Masnef the Shield-Bearer (level 7, -5/54 HPs)
             Began as a Formicid Fighter on May 1, 2020.
             Slain by Crazy Yiuf
             ... wielding a +4 quarterstaff of chaos
              (10 damage)
             ... on level 1 of the Dungeon.
             The game lasted 00:06:09 (3804 turns).

Masnef the Shield-Bearer (Formicid Fighter)         Turns: 3804, Time: 00:06:10

Health: -5/54      AC:  7    Str: 21    XL:     7   Next: 22%
Magic:  7/7        EV:  9    Int:  9    God:
Gold:   203        SH: 10    Dex: 10    Spells: 6/6 levels left

rFire    . . .     SeeInvis +   a - +0 war axe
rCold    . . .     Gourm    .   c - +0 shield
rNeg     . . .     Faith    .   b - +0 scale mail
rPois    .         Spirit   .   (helmet unavailable)
rElec    .         Reflect  .   (no cloak)
rCorr    .         Harm     .   (no gloves)
MR       .....                  (no boots)
Stlth    ..........             (no amulet)
HPRegen  0.18/turn              (no ring)
MPRegen  0.10/turn              (no ring)

@: lethally poisoned (-5 -> -11)
A: permanent stasis, dig shafts and tunnels, four strong arms, antennae 3
a: Dig, Shaft Self


You were on level 1 of the Dungeon.
You were not hungry.

You visited 1 branch of the dungeon, and saw 3 of its levels.

You collected 203 gold pieces.

Inventory:

Hand Weapons
 a - a +0 war axe (weapon)
 g - a +0 short sword
Armour
 b - a +0 scale mail (worn)
 c - a +0 shield (worn)
Wands
 k - a wand of polymorph (2)
Scrolls
 i - a scroll of identify
Potions
 d - a potion of might
 e - 2 potions of mutation
 l - a potion of brilliance {unknown}
 m - a potion of curing {unknown}
 n - a potion of ambrosia {unknown}
 o - a potion of lignification {unknown}
Comestibles
 f - 3 rations


   Skills:
 + Level 4.1 Fighting
 + Level 4.7 Axes
 + Level 4.6 Armour
 + Level 1.8 Dodging
 + Level 5.2 Shields


You had 6 spell levels left.
You didn't know any spells.
Your spell library was empty.

Dungeon Overview and Level Annotations

Branches:
Dungeon (3/15)

Altars:
Elyvilon
Hepliaklqana
Wu Jian

Annotations:
D:1 Crazy Yiuf


Innate Abilities, Weirdness & Mutations

You cannot be hasted, slowed, berserked, paralysed or teleported.
You can dig through walls and to a lower floor.
Your four strong arms can wield two-handed weapons with a shield.
You have a pair of large antennae on your head. (SInv)


Message History

Crazy Yiuf screams, "East pizzabubble song!"
Crazy Yiuf laughs, "Earwax rumpyflump blue!"
There is an escape hatch in the ceiling here.
Crazy Yiuf hits you with a +4 quarterstaff of chaos.
* * * LOW HITPOINT WARNING * * *
Crazy Yiuf freezes you.
* * * LOW HITPOINT WARNING * * *
A mysterious force pulls you upwards. The hatch slams shut behind you.
You slash Crazy Yiuf!
Crazy Yiuf is almost dead.
Crazy Yiuf cries, "Walk aubergine unthinkable!"
Crazy Yiuf hits you with a +4 quarterstaff of chaos.
* * * LOW HITPOINT WARNING * * *
You are lethally poisoned!
It was a potion of berserk rage.
Your stasis prevents you from going berserk.
* * * LOW HITPOINT WARNING * * *
You feel sick.
Crazy Yiuf hits you with a +4 quarterstaff of chaos!
You die...

....##.######.###............##..
>............................##..
....#######.#####.###.#......##..
......................#.......#..
..........#.#####.###.#.......†..
...######.#.............#........
#.## #.######......#.#...#.##.
#.# #........................ #.#
#.######@.....(..........
#.##############.g........#...#..
#.......#...........#.........#..
#.......###.###.....#.#.#.#.#....
#.......'.#.###.....#............
#.......#.#.........#.#...#.#..##
........#÷..#.#.#...#.#####.#...#
..#........##.#.#...#.#####.#.#.#
............................#.#..


You could see Crazy Yiuf.

Vanquished Creatures
  Grinder (D:3)
  Terence (D:3)
  Natasha (thrice) (D:3)
  A worker ant (D:3)
  4 adders
  An ooze (D:2)
  5 worms
  A dart slug (D:1)
  A leopard gecko (D:2)
  An orc (D:3)
  2 giant cockroaches
  8 hobgoblins
  9 jackals
  10 kobolds
  2 quokkas
  A ball python (D:3)
  4 bats
  3 frilled lizards
  8 goblins
  11 rats
  2 fungi (D:2)
79 creatures vanquished.

Notes
Turn   | Place    | Note
-------+----------+-------------------------------------------
     0 | D:1      | Masnef the Formicid Fighter began the quest for the Orb.
     0 | D:1      | Reached XP level 1. HP: 18/18 MP: 1/1
    90 | D:1      | Reached XP level 2. HP: 24/24 MP: 2/2
   776 | D:1      | Reached XP level 3. HP: 28/29 MP: 3/3
  1057 | D:2      | Found an ornate altar of the Wu Jian Council.
  1457 | D:2      | Found a white marble altar of Elyvilon.
  1481 | D:2      | Reached XP level 4. HP: 12/35 MP: 4/4
  2153 | D:2      | Found a hazy altar of Hepliaklqana.
  2581 | D:2      | Reached skill level 4 in Shields
  2749 | D:2      | Found a runed translucent door.
  2750 | D:2      | Noticed Crazy Yiuf
  2865 | D:3      | Reached XP level 5. HP: 33/41 MP: 5/5
  3106 | D:3      | Reached skill level 1 in Dodging
  3147 | D:3      | Noticed Terence
  3155 | D:3      | Killed Terence
  3185 | D:3      | Noticed Grinder
  3207 | D:3      | Killed Grinder
  3207 | D:3      | Reached skill level 5 in Shields
  3207 | D:3      | Reached XP level 6. HP: 48/48 MP: 6/6
  3216 | D:3      | Noticed Natasha
  3222 | D:3      | Killed Natasha
  3222 | D:3      | Reached XP level 7. HP: 45/54 MP: 7/7
  3518 | D:3      | Noticed Natasha
  3523 | D:3      | Killed Natasha
  3590 | D:3      | Noticed Natasha
  3601 | D:3      | Killed Natasha
  3804 | D:1      | Slain by Crazy Yiuf

Levels and vault maps discovered:
D:1:      lightli_arrival_statue_moat, layout_basic
D:2:      layout_basic, lemuel_coloured_pillars_altar, lemuel_round_altar,
          first_ration, elyvilon_altar_5, uniq_crazy_yiuf_cottage
D:3:      layout_loops_cross, kennysheep_generic_room_15, uniq_grinder,
          uniq_terence, uniq_natasha

Skill      XL: |  1  2  3  4  5 |
---------------+----------------+-----
Axes           | 3 4 |  4.7
Shields        | 4 5 |  5.2
Dodging        | 1 |  1.8
Armour         | 4 |  4.6
Fighting       | 4 |  4.1

Action                   |  1- 3 |  4- 6 |  7- 9 || total
-------------------------+-------+-------+-------++-------
Melee: Short sword       |   143 |   183 |       ||   326
       War axe           |     7 |    48 |    52 ||   107
  Use: Scroll            |     4 |     3 |       ||     7
       Potion            |       |       |     1 ||     1
  Eat: Chunk             |     2 |     6 |     2 ||    10
Armor: Scale mail        |    60 |    52 |    12 ||   124
       Skin              |       |    24 |       ||    24
Dodge: Dodged            |    35 |    36 |    13 ||    84
Block: Shield            |    75 |    85 |    21 ||   181
